 Dungeon Crawl Stone Soup version 0.30.0-20-g3615ddf2f0 (webtiles) character file.

Game seed: 1421022220885052569

105710 qw the Peltast (level 16, -2/101 HPs)
             Began as a Gargoyle Fighter on June 1, 2023.
             Was a High Priest of Okawaru.
             Killed by divine providence
             ... invoked by an orc high priest
              (14 damage)
             ... on level 2 of the Orcish Mines.
             The game lasted 00:11:53 (23227 turns).

qw the Peltast (Gargoyle Fighter)                  Turns: 23227, Time: 00:11:54

Health: -2/101     AC: 43    Str: 34    XL:     16   Next: 42%
Magic:  21/23      EV: 15    Int: 10    God:    Okawaru [*****.]
Gold:   1334       SH: 21    Dex:  9    Spells: 15/15 levels left

rFire   . . .        r - +6 broad axe (spect)
rCold   . . .        b - +0 tower shield {reflect}
rNeg    + . .        s - +0 plate armour
rPois   inf          o - +2 helmet
rElec   +            m - +0 cloak
rCorr   .            p - +2 pair of gloves
SInv    .            y - +1 pair of boots
Will    ++...        (no amulet) Stlth
                     f - +5 ring of evasion
HPRegen 0.36/turn    a - +7 ring of strength
MPRegen 0.18/turn

%: reflection
@: about to teleport, heroic, flying
A: sickness immunity, AC +12, big wings, negative energy resistance 1,
electricity resistance, torment resistance 1, petrification resistance,
iridescent scales 1, strong-willed 1, mutation resistance 1
a: Renounce Religion, Heroism, Finesse, Duel


You were on level 2 of the Orcish Mines.
You worshipped Okawaru.
Okawaru was extremely pleased with you.
You visited 3 branches of the dungeon, and saw 22 of its levels.

You collected 2172 gold pieces.
You spent 838 gold pieces at shops.


Innate Abilities, Weirdness & Mutations

You are immune to sickness and miasma.
Your stone body is resilient. (AC +12)
You are immune to poison.
Your large and strong wings let you fly.
You resist negative energy. (rN+)
You are resistant to electric shocks. (rElec)
You are resistant to unholy torment.
You are immune to petrification.
You are partially covered in iridescent scales. (AC +2)
You are strong-willed. (Will+)
You are somewhat resistant to further mutation.


   Skills:
 - Level 12.0(17.0) Fighting
 - Level 16.0(21.0) Axes
 - Level 5.3(10.3) Throwing
 + Level 11.3(16.3) Armour
 - Level 3.0(8.0) Dodging
 - Level 16.6(21.6) Shields
 - Level 10.0 Invocations


You had 15 spell levels left.
You didn't know any spells.
Your spell library was empty.

Inventory:

Hand Weapons
 r - a +6 spectral broad axe (weapon)
 z - a +1 morningstar of protection
Missiles
 q - 5 boomerangs (quivered)
Armour
 b - a +0 tower shield of reflection (worn)
 h - +0 acid dragon scales
 m - a +0 cloak (worn)
 o - a +2 helmet (worn)
 p - a +2 pair of gloves (worn)
 s - a +0 plate armour (worn)
 y - a +1 pair of boots (worn)
Jewellery
 a - a +7 ring of strength (right hand)
 f - a +5 ring of evasion (left hand)
Wands
 u - a wand of digging (5)
Scrolls
 g - 8 scrolls of teleportation
 i - 12 scrolls of identify
Potions
 c - a potion of lignification
 d - 4 potions of might
 e - 7 potions of curing
 j - 8 potions of mutation
 k - 6 potions of attraction
 l - 5 potions of heal wounds
 n - 2 potions of cancellation
 v - 2 potions of haste
 x - a potion of magic

Dungeon Overview and Level Annotations

Branches:
Dungeon (15/15)            Temple (0/1) D:5            Lair (5/5) D:10
 Shoals (0/4) Lair:3       Spider (0/4) Lair:2        Slime (0/5) Lair:4
    Orc (2/2) D:11            Elf (0/3) Orc:2        Vaults (0/5) D:14
 Depths (0/4) D:15

Altars:
Ashenzari
Fedhas
Gozag
Hepliaklqana
Kikubaaqudgha
Makhleb
Okawaru
Uskayaw
Vehumet
Wu Jian
Yredelemnul
Zin
The Shining One
Lugonu

Shops:
D:1 [   D:12 **   D:14 =

Portals:
Abyss: Lair:5


Message History

Enter note:
Enter note:
Enter note:
Enter note:
Enter note:
Enter note: You hit the orc warrior but do no damage.
You slice the orc priest!!
You kill the orc priest!
Okawaru accepts your kill.
You closely miss the orc warrior.
Your +6 spectral broad axe hits the orc warrior.
Your +6 spectral broad axe hits the orc warrior!
Your +6 spectral broad axe hits the neqoxec!
Your +6 spectral broad axe misses the orc wizard.
Your +6 spectral broad axe closely misses the orc warrior.
Your +6 spectral broad axe hits the orc wizard.
Your +6 spectral broad axe barely misses the orc warrior.
Your +6 spectral broad axe hits the neqoxec!
The orc warrior no longer looks unusually strong.
An orc wizard comes into view. It is wielding a +0 dagger.
The orc priest miscasts a cantrip.
The orc warrior completely misses you.
The orc warrior barely misses your +6 spectral broad axe.
The orc high priest mumbles some strange prayers to Beogh against you.
Beogh smites you!
The orc wizard hits your +6 spectral broad axe but does no damage.
23227 ||| READING 9 scrolls of teleportation.
As you read the scroll of teleportation, it crumbles to dust.
You feel strangely unstable.
Your +6 spectral broad axe disappears.
The orc warrior no longer looks unusually strong.
The neqoxec gestures at you.
Strange energies course through your body.
You feel odd for a moment.
The orc warrior hits you with a +0 halberd.
The orc warrior closely misses you.
The orc high priest invokes the aid of Beogh against you.
Beogh smites you!
You die...

..##.#..).............###
.$..........#.........##.
.....#))))............###
......)))...#.........#.#
#.#..()()).....#.......).
..$...))).#..............
..#...)))................
##....)))................
####.oo@.############...
#....oo...# #...
#..oo3oo..# #...
#...ooo...# #...
#.....4...# #...
#.........# #...
.......oo... ...
............. .. .


You could see an orc high priest (strong), an orange demon (summoned), a neqoxec
(summoned), 4 orc warriors, 2 orc priests, 4 orc wizards and 2 orcs.

Vanquished Creatures
  Jorgrun (D:12)
  Frances (D:12)
  Kirke (Lair:5)
  An orc warlord (Orc:2)
  2 ettins
  A yaktaur captain (D:11)
  Erolcha (D:12)
  6 hydras
  A catoblepas (Lair:1)
  3 centaur warriors
  11 boulder beetles
  2 dancing weapons (D:14)
  5 death yaks (Lair:5)
  4 thrashing horrors (Lair:5)
  A death knight (D:15)
  3 tengu warriors
  3 orc high priests (Orc:2)
  9 two-headed ogres
  Nergalle (D:11)
  A skeletal warrior (D:11)
  A hell knight (D:15)
  A wizard (D:15)
  A deep elf zephyrmancer (D:11)
  2 deep elf pyromancers
  2 necromancers (D:15)
  6 orc knights
  A phantasmal warrior (D:15)
  2 cyclopes
  An oklob plant (Lair:5)
  2 orc sorcerers (Orc:2)
  6 manticores
  6 ugly things
  Maurice (Orc:1)
  10 elephants
  A merfolk siren (Lair:3)
  3 demonic crawlers (D:15)
  A torpor snail (shapeshifter) (Lair:5)
  6 black mambas
  9 cane toads
  A cane toad (shapeshifter) (D:15)
  A smoke demon (Lair:5)
  Maggie (D:7)
  2 gargoyles (D:11)
  5 rime drakes
  2 unseen horrors
  9 komodo dragons
  6 kobold demonologists
  3 tengu conjurers (D:14)
  A freezing wraith (D:15)
  2 ancient zymes (Lair:5)
  3 merfolk (Lair:3)
  9 trolls
  A polar bear (Lair:5)
  A tarantella (shapeshifter) (D:12)
  A hornet (D:8)
  33 blink frogs
  A culicivora (shapeshifter) (D:13)
  A raiju (shapeshifter) (D:14)
  3 slime creatures (D:15)
  11 dream sheep
  A spriggan (shapeshifter) (Lair:5)
  A spriggan (Lair:5)
  4 shadows
  2 humans (Lair:5)
  A ynoxinul (Lair:5)
  49 yaks
  A fire bat (shapeshifter) (Lair:5)
  3 wyverns
  5 wraiths
  A golden eye (shapeshifter) (D:11)
  Grum (D:11)
  5 basilisks
  22 vampire mosquitoes
  2 steam dragons
  2 hogs (Lair:5)
  2 chaos spawn (Lair:5)
  4 wargs
  16 water moccasins
  4 acid dragons
  3 ice beasts (D:6)
  2 black bears
  23 orc warriors
  12 ogres
  13 wolves
  4 boggarts (D:15)
  9 small abominations (Lair:5)
  12 centaurs
  2 phantoms
  6 kobold brigands
  Blork the orc (D:6)
  9 bullfrogs
  2 gnoll sergeants
  3 scorpions
  8 killer bees
  A howler monkey (D:8)
  A quasit (D:6)
  4 jellies
  23 orc priests
  A gnoll bouda (Orc:1)
  3 hounds (D:5)
  6 iguanas
  Ijyb (D:3)
  16 orc wizards
  14 hell rats
  A scorpion zombie (D:3)
  Terence (D:3)
  A boggart simulacrum (D:14)
  Robin (D:3)
  9 gnolls
  2 adders
  A shadow imp (D:6)
  2 white imps
  2 ufetubi
  An adder zombie (D:2)
  3 worms (D:2)
  4 dart slugs
  54 orcs
  10 endoplasms
  4 giant cockroaches (D:1)
  15 goblins
  5 hobgoblins
  3 jackals (D:1)
  2 quokkas
  9 ball pythons
  4 ball python skeletons (D:2)
  3 ball python zombies
  10 bats
  5 frilled lizards
  A jackal zombie (D:2)
  11 kobolds
  A quokka skeleton (D:2)
  3 quokka zombies (D:2)
  11 rats
701 creatures vanquished.

Vanquished Creatures (others)
  A water moccasin (Lair:2)
  A wolf (Lair:1)
  12 spectral weapons
14 creatures vanquished.

Grand Total: 715 creatures vanquished

Notes
Turn   | Place    | Note
-------+----------+-------------------------------------------
     0 | D:1      | qw the Gargoyle Fighter began the quest for the Orb.
     0 | D:1      | Reached XP level 1. HP: 14/14 MP: 1/1
     0 | D:1      | 0 ||| qw: Version: 0.2-a-102-gfc559e5
     0 | D:1      | 0 ||| qw: Game counter: 641
     0 | D:1      | 0 ||| qw: Always use a shield: true
     0 | D:1      | 0 ||| qw: God list: Okawaru
     0 | D:1      | 0 ||| qw: Allow faded altars: false
     0 | D:1      | 0 ||| qw: Do Orc after D:15 true
     0 | D:1      | 0 ||| qw: Do second Lair branch before Depths: true
     0 | D:1      | 0 ||| qw: Lair rune preference: random
     0 | D:1      | 0 ||| qw: Plans: Normal, Zot:1-4, Slime:5, God:TSO, Crypt,
                  | Tomb, Pan, Hells, Abyss, Win
     0 | D:1      | 0 ||| PLANNING D:1-11
    68 | D:1      | Reached XP level 2. HP: 17/19 MP: 2/2
   115 | D:1      | 115 ||| Stepping ~*~*~tactically~*~*~ (stealth).
   163 | D:1      | 163 ||| Stepping ~*~*~tactically~*~*~ (stealth).
   197 | D:1      | Reached skill level 3 in Axes
   209 | D:1      | Reached XP level 3. HP: 19/23 MP: 3/3
   210 | D:1      | 210 ||| FLEEEEING.
   211 | D:1      | 211 ||| FLEEEEING.
   212 | D:1      | 212 ||| FLEEEEING.
   213 | D:1      | 213 ||| FLEEEEING.
   214 | D:1      | 214 ||| FLEEEEING.
   225 | D:1      | 225 ||| FLEEEEING.
   251 | D:1      | 251 ||| Stepping ~*~*~tactically~*~*~ (stealth).
   252 | D:1      | 252 ||| Stepping ~*~*~tactically~*~*~ (stealth).
   553 | D:1      | Found Ashin's Antique Armour Shoppe.
   564 | D:1      | 564 ||| SHOPLISTING +1 Delatra's gloves {ID++} (230 gold,
                  | have 55).
   564 | D:1      | 564 ||| SHOPLISTING glowing ring mail (161 gold, have 55).
   564 | D:1      | 564 ||| SHOPLISTING pair of gloves (103 gold, have 55).
   564 | D:1      | 564 ||| SHOPLISTING plate armour (529 gold, have 55).
   564 | D:1      | 564 ||| SHOPLISTING shiny orb (276 gold, have 55).
   693 | D:1      | 693 ||| READING scroll labelled MIF YMIUPANWA.
   694 | D:1      | 694 ||| READING 2 scrolls labelled GEF UTAWKIL.
   695 | D:1      | 695 ||| DRINKING 3 fizzy ruby potions.
   696 | D:1      | 696 ||| DRINKING 2 murky dark potions.
   696 | D:1      | Gained mutation: You are strong-willed. (Will+) [potion of
                  | mutation]
   696 | D:1      | Gained mutation: You are partially covered in iridescent
                  | scales. (AC +2) [potion of mutation]
   696 | D:1      | Gained mutation: You are somewhat resistant to further
                  | mutation. [potion of mutation]
   697 | D:1      | 697 ||| DROPPING scroll of fear.
   773 | D:2      | Reached XP level 4. HP: 28/28 MP: 4/4
   792 | D:2      | 792 ||| Stepping ~*~*~tactically~*~*~ (stealth).
   824 | D:2      | 824 ||| Stepping ~*~*~tactically~*~*~ (stealth).
   854 | D:2      | Found a faded altar of an unknown god.
  1178 | D:2      | 1178 ||| READING 2 scrolls labelled ELEGES SUNUWIR.
  1183 | D:2      | 1183 ||| READING scroll labelled TEIDIC BEOGRANG.
  1184 | D:2      | 1184 ||| DRINKING 2 pink potions.
  1185 | D:2      | 1185 ||| DROPPING potion of degeneration.
  1240 | D:3      | Found an ancient bone altar of Kikubaaqudgha.
  1243 | D:3      | Found an iron altar of Okawaru.
  1244 | D:3      | 1244 ||| PLANNING OKAWARU WORSHIP
  1247 | D:3      | 1247 ||| READING scroll labelled DIPRUL MUNU.
  1253 | D:3      | Became a worshipper of Warmaster Okawaru
  1253 | D:3      | 1253 ||| PLANNING D:1-11
  1337 | D:3      | 1337 ||| Stepping ~*~*~tactically~*~*~ (hiding).
  1351 | D:3      | Reached XP level 5. HP: 27/32 MP: 5/5
  1398 | D:3      | 1398 ||| DROPPING +0 club.
  1753 | D:3      | Noticed Terence
  1755 | D:3      | 1755 ||| Stepping ~*~*~tactically~*~*~ (stealth).
  1756 | D:3      | 1756 ||| Stepping ~*~*~tactically~*~*~ (stealth).
  1765 | D:3      | Killed Terence
  1777 | D:3      | 1777 ||| Stepping ~*~*~tactically~*~*~ (stealth).
  1864 | D:3      | Found a basalt altar of Yredelemnul.
  1980 | D:3      | 1980 ||| Stepping ~*~*~tactically~*~*~ (hiding).
  1981 | D:3      | 1981 ||| Stepping ~*~*~tactically~*~*~ (hiding).
  1983 | D:3      | 1983 ||| Stepping ~*~*~tactically~*~*~ (hiding).
  1985 | D:3      | 1985 ||| Stepping ~*~*~tactically~*~*~ (hiding).
  2000 | D:3      | Reached XP level 6. HP: 38/38 MP: 6/6
  2000 | D:3      | 2000 ||| Stepping ~*~*~tactically~*~*~ (stealth).
  2012 | D:3      | Noticed Robin
  2013 | D:3      | 2013 ||| Stepping ~*~*~tactically~*~*~ (hiding).
  2027 | D:3      | Killed Robin
  2029 | D:3      | Reached skill level 1 in Dodging
  2126 | D:3      | Noticed Ijyb
  2127 | D:3      | 2127 ||| Stepping ~*~*~tactically~*~*~ (stealth).
  2128 | D:3      | 2128 ||| Stepping ~*~*~tactically~*~*~ (stealth).
  2140 | D:3      | Killed Ijyb
  2232 | D:3      | Found a glowing silver altar of Zin.
  2458 | D:3      | 2458 ||| UPGRADING to +1 helmet.
  2463 | D:3      | 2463 ||| UPGRADING to +0 chain mail.
  2473 | D:3      | 2473 ||| DROPPING +0 scale mail.
  2474 | D:3      | 2474 ||| READING scroll labelled NOUDAS DOXTIY.
  2497 | D:4      | Found a hide-covered altar of Uskayaw.
  2518 | D:4      | Found a radiant altar of Vehumet.
  2521 | D:4      | Found an ornate altar of the Wu Jian Council.
  2612 | D:4      | 2612 ||| READING scroll labelled ZOICIKLOHAW.
  2613 | D:4      | 2613 ||| READING 2 scrolls of identify.
  2613 | D:4      | 2613 ||| IDENTIFYING sedimented silvery potion
  2614 | D:4      | 2614 ||| DROPPING potion of brilliance.
  2690 | D:4      | Reached skill level 1 in Throwing
  2754 | D:4      | 2754 ||| Stepping ~*~*~tactically~*~*~ (hiding).
  2830 | D:4      | 2830 ||| Stepping ~*~*~tactically~*~*~ (stealth).
  2845 | D:4      | 2845 ||| Stepping ~*~*~tactically~*~*~ (stealth).
  2913 | D:4      | Reached * piety under Okawaru
  2914 | D:4      | Reached XP level 7. HP: 28/43 MP: 7/7
  2914 | D:4      | 2914 ||| INVOKING Heroism.
  2972 | D:4      | 2972 ||| DROPPING +0 mace.
  3054 | D:4      | Found a glowing golden altar of the Shining One.
  3093 | D:4      | Found a broken altar of Ashenzari.
  3102 | D:4      | Reached skill level 6 in Axes
  3363 | D:4      | 3363 ||| UPGRADING to +5 ring of evasion.
  3364 | D:4      | 3364 ||| READING scroll labelled XEALUTTECVI.
  3365 | D:4      | 3365 ||| READING 4 scrolls of identify.
  3365 | D:4      | 3365 ||| IDENTIFYING white potion
  3366 | D:4      | 3366 ||| READING 3 scrolls of identify.
  3366 | D:4      | 3366 ||| IDENTIFYING sapphire potion
  3367 | D:4      | 3367 ||| READING 2 scrolls of identify.
  3367 | D:4      | 3367 ||| IDENTIFYING dark potion
  3368 | D:4      | 3368 ||| DROPPING potion of ambrosia.
  3454 | D:5      | Entered Level 5 of the Dungeon
  3478 | D:5      | 3478 ||| Stepping ~*~*~tactically~*~*~ (hiding).
  3479 | D:5      | 3479 ||| Stepping ~*~*~tactically~*~*~ (hiding).
  3481 | D:5      | 3481 ||| Stepping ~*~*~tactically~*~*~ (hiding).
  3482 | D:5      | 3482 ||| Stepping ~*~*~tactically~*~*~ (hiding).
  3510 | D:5      | Reached skill level 1 in Invocations
  3542 | D:5      | 3542 ||| INVOKING Heroism.
  3636 | D:5      | Found a staircase to the Ecumenical Temple.
  3696 | D:5      | 3696 ||| READING scroll labelled FILOECWUTE.
  3699 | D:5      | 3699 ||| INVOKING Heroism.
  4081 | D:5      | 4081 ||| Stepping ~*~*~tactically~*~*~ (stealth).
  4509 | D:5      | Reached XP level 8. HP: 35/49 MP: 8/8
  4668 | D:5      | 4668 ||| UPGRADING to +2 pair of gloves.
  4673 | D:5      | 4673 ||| UPGRADING to ring of see invisible.
  4674 | D:5      | 4674 ||| READING scroll labelled TAHOPT ANWEUP.
  4674 | D:5      | Identified a scroll of acquirement
  4674 | D:5      | 4674 ||| ACQUIRING +3 broad axe of venom
  4674 | D:5      | Acquired a +3 broad axe of venom
  4676 | D:5      | 4676 ||| SWAPPING to +3 broad axe of venom.
  4677 | D:5      | 4677 ||| DROPPING +0 war axe.
  4678 | D:5      | 4678 ||| READING scroll labelled CIMEMARADI.
  4828 | D:6      | 4828 ||| Stepping ~*~*~tactically~*~*~ (hiding).
  4832 | D:6      | Reached skill level 3 in Invocations
  4968 | D:6      | 4968 ||| INVOKING Heroism.
  4987 | D:6      | 4987 ||| Stepping ~*~*~tactically~*~*~ (stealth).
  4988 | D:6      | 4988 ||| Stepping ~*~*~tactically~*~*~ (hiding).
  5123 | D:6      | Noticed Blork the orc
  5124 | D:6      | 5124 ||| INVOKING Heroism.
  5132 | D:6      | Killed Blork the orc
  5212 | D:6      | 5212 ||| Stepping ~*~*~tactically~*~*~ (stealth).
  5214 | D:6      | 5214 ||| Stepping ~*~*~tactically~*~*~ (stealth).
  5260 | D:6      | Reached skill level 6 in Fighting
  5391 | D:6      | Reached XP level 9. HP: 55/55 MP: 12/12
  5424 | D:6      | 5424 ||| DROPPING ring of wizardry.
  5425 | D:6      | 5425 ||| READING scroll labelled GUUPSU OXEVENT.
  5426 | D:6      | 5426 ||| READING scroll labelled LIOPTE PIA.
  5527 | D:6      | 5527 ||| READING scroll labelled VAFUUTRA XIOD.
  5563 | D:7      | 5563 ||| INVOKING Heroism.
  5601 | D:7      | Noticed Maggie
  5607 | D:7      | 5607 ||| INVOKING Heroism.
  5613 | D:7      | Killed Maggie
  5614 | D:7      | Reached skill level 9 in Axes
  5628 | D:7      | 5628 ||| INVOKING Heroism.
  5744 | D:7      | Found a blossoming altar of Fedhas.
  5810 | D:7      | 5810 ||| Stepping ~*~*~tactically~*~*~ (hiding).
  6066 | D:7      | 6066 ||| INVOKING Heroism.
  6220 | D:8      | Reached ** piety under Okawaru
  6256 | D:8      | 6256 ||| Stepping ~*~*~tactically~*~*~ (stealth).
  6257 | D:8      | 6257 ||| Stepping ~*~*~tactically~*~*~ (stealth).
  6259 | D:8      | 6259 ||| Stepping ~*~*~tactically~*~*~ (stealth).
  6332 | D:8      | Found an opulent altar of Gozag.
  6421 | D:8      | Noticed a hornet
  6426 | D:8      | Reached XP level 10. HP: 55/63 MP: 13/13
  6428 | D:8      | Reached *** piety under Okawaru
  6430 | D:8      | 6430 ||| INVOKING Heroism.
  6548 | D:8      | 6548 ||| Stepping ~*~*~tactically~*~*~ (hiding).
  6688 | D:8      | 6688 ||| Stepping ~*~*~tactically~*~*~ (stealth).
  6698 | D:8      | 6698 ||| INVOKING Heroism.
  7312 | D:9      | 7312 ||| Stepping ~*~*~tactically~*~*~ (stealth).
  7321 | D:9      | 7321 ||| INVOKING Heroism.
  7325 | D:9      | Reached **** piety under Okawaru
  7326 | D:9      | Reached skill level 6 in Armour
  7518 | D:9      | 7518 ||| READING scroll of brand weapon.
  7518 | D:9      | 7518 ||| BRANDING +3 heavy broad axe.
  7648 | D:9      | Found a burning altar of Makhleb.
  7649 | D:9      | 7649 ||| INVOKING Heroism.
  7700 | D:9      | 7700 ||| INVOKING Heroism.
  7733 | D:9      | Noticed a two-headed ogre
  7734 | D:9      | 7734 ||| INVOKING Heroism.
  7742 | D:9      | Killed a two-headed ogre
  7743 | D:9      | Reached skill level 9 in Fighting
  7743 | D:9      | Reached XP level 11. HP: 71/71 MP: 12/14
  8004 | D:9      | 8004 ||| UPGRADING to +0 kite shield.
  8014 | D:9      | 8014 ||| DROPPING +0 buckler.
  8015 | D:9      | 8015 ||| UPGRADING to +0 plate armour.
  8025 | D:9      | 8025 ||| DROPPING +0 chain mail.
  8026 | D:9      | 8026 ||| READING scroll labelled ENLULIB WAMOB.
  8045 | D:10     | Entered Level 10 of the Dungeon
  8067 | D:10     | 8067 ||| INVOKING Heroism.
  8071 | D:10     | 8071 ||| Stepping ~*~*~tactically~*~*~ (stealth).
  8077 | D:10     | 8077 ||| Stepping ~*~*~tactically~*~*~ (hiding).
  8080 | D:10     | 8080 ||| Stepping ~*~*~tactically~*~*~ (hiding).
  8285 | D:10     | Noticed a tengu warrior
  8287 | D:10     | Noticed an ogre mage
  8288 | D:10     | Noticed a centaur warrior
  8288 | D:10     | Noticed a centaur warrior
  8289 | D:10     | Noticed a cyclops
  8380 | D:10     | Reached skill level 6 in Shields
  8405 | D:10     | 8405 ||| INVOKING Heroism.
  8406 | D:10     | 8406 ||| Stepping ~*~*~tactically~*~*~ (stealth).
  8414 | D:10     | 8414 ||| Stepping ~*~*~tactically~*~*~ (stealth).
  8484 | D:10     | Noticed a two-headed ogre
  8485 | D:10     | 8485 ||| INVOKING Heroism.
  8494 | D:10     | Killed a two-headed ogre
  8495 | D:10     | Reached skill level 6 in Invocations
  8544 | D:10     | Noticed a centaur warrior
  8576 | D:10     | 8576 ||| Stepping ~*~*~tactically~*~*~ (stealth).
  8590 | D:10     | Found a staircase to the Lair.
  8592 | D:10     | 8592 ||| Stepping ~*~*~tactically~*~*~ (hiding).
  8596 | D:10     | 8596 ||| Stepping ~*~*~tactically~*~*~ (hiding).
  8667 | D:10     | Found a hazy altar of Hepliaklqana.
  8767 | D:10     | 8767 ||| PLANNING LAIR
  8767 | D:10     | 8767 ||| UPGRADING to +0 pair of boots.
  8772 | D:10     | 8772 ||| UPGRADING to +2 helmet.
  8782 | D:10     | 8782 ||| DROPPING +1 helmet.
  8833 | Lair:1   | Entered Level 1 of the Lair of Beasts
  8834 | Lair:1   | 8834 ||| INVOKING Heroism.
  8849 | Lair:1   | 8849 ||| Stepping ~*~*~tactically~*~*~ (hiding).
  9113 | Lair:1   | 9113 ||| Stepping ~*~*~tactically~*~*~ (stealth).
  9118 | Lair:1   | Noticed a catoblepas
  9119 | Lair:1   | 9119 ||| INVOKING Heroism.
  9131 | Lair:1   | Killed a catoblepas
  9134 | Lair:1   | Reached ***** piety under Okawaru
  9271 | Lair:1   | 9271 ||| Stepping ~*~*~tactically~*~*~ (stealth).
  9348 | Lair:1   | 9348 ||| INVOKING Heroism.
  9701 | Lair:1   | 9701 ||| UPGRADING to +0 cloak.
  9706 | Lair:1   | 9706 ||| READING 4 scrolls of identify.
  9706 | Lair:1   | 9706 ||| IDENTIFYING ruby potion
  9707 | Lair:1   | 9707 ||| DROPPING potion of flight.
  9738 | Lair:2   | 9738 ||| INVOKING Heroism.
  9765 | Lair:2   | Reached XP level 12. HP: 65/76 MP: 18/18
  9797 | Lair:2   | Noticed a six-headed hydra
  9798 | Lair:2   | 9798 ||| INVOKING Heroism.
  9799 | Lair:2   | 9799 ||| INVOKING Finesse.
  9804 | Lair:2   | 9804 ||| SWAPPING to +0 flail.
  9815 | Lair:2   | Killed a six-headed hydra
  9815 | Lair:2   | Received a gift from Okawaru
  9816 | Lair:2   | Reached skill level 9 in Invocations
  9816 | Lair:2   | 9816 ||| SWAPPING to +3 spectral broad axe.
  9950 | Lair:2   | Noticed an eight-headed hydra
  9951 | Lair:2   | 9951 ||| INVOKING Heroism.
  9954 | Lair:2   | 9954 ||| SWAPPING to +0 flail.
  9962 | Lair:2   | Killed an eight-headed hydra
  9963 | Lair:2   | 9963 ||| SWAPPING to +3 spectral broad axe.
 10047 | Lair:2   | Found a hole to the Spider Nest.
 10150 | Lair:2   | 10150 ||| Stepping ~*~*~tactically~*~*~ (stealth).
 10152 | Lair:2   | 10152 ||| Stepping ~*~*~tactically~*~*~ (stealth).
 10153 | Lair:2   | 10153 ||| INVOKING Heroism.
 10154 | Lair:2   | 10154 ||| Stepping ~*~*~tactically~*~*~ (stealth).
 10160 | Lair:2   | Reached skill level 9 in Shields
 10572 | Lair:2   | 10572 ||| Stepping ~*~*~tactically~*~*~ (hiding).
 10573 | Lair:2   | 10573 ||| INVOKING Heroism.
 10574 | Lair:2   | 10574 ||| Stepping ~*~*~tactically~*~*~ (hiding).
 10828 | Lair:2   | 10828 ||| READING scroll labelled GAESME DOUVOLA.
 10829 | Lair:2   | 10829 ||| READING scroll labelled JALIJIKI OSSIW.
 10853 | Lair:3   | 10853 ||| STAIRDANCE
 10892 | Lair:3   | 10892 ||| FLEEEEING.
 10893 | Lair:3   | 10893 ||| FLEEEEING.
 10894 | Lair:3   | 10894 ||| FLEEEEING.
 10897 | Lair:3   | 10897 ||| STAIRDANCE
 11003 | Lair:3   | 11003 ||| INVOKING Heroism.
 11018 | Lair:3   | 11018 ||| Stepping ~*~*~tactically~*~*~ (hiding).
 11019 | Lair:3   | 11019 ||| Stepping ~*~*~tactically~*~*~ (hiding).
 11031 | Lair:3   | Reached skill level 9 in Armour
 11039 | Lair:3   | Identified the scarf "Wust" {+Inv, Str+3 Dex-3 Stlth+}
                  | (Okawaru gifted it to you on level 3 of the Lair of Beasts)
 11039 | Lair:3   | Received a gift from Okawaru
 11053 | Lair:3   | 11053 ||| Stepping ~*~*~tactically~*~*~ (hiding).
 11239 | Lair:3   | 11239 ||| Stepping ~*~*~tactically~*~*~ (stealth).
 11509 | Lair:3   | 11509 ||| INVOKING Heroism.
 11724 | Lair:3   | Found a staircase to the Shoals.
 11973 | Lair:3   | 11973 ||| DROPPING scarf "Wust" {+Inv, Str+3 Dex-3 Stlth+}.
 11974 | Lair:3   | 11974 ||| DROPPING ring of flight.
 12026 | Lair:4   | 12026 ||| Stepping ~*~*~tactically~*~*~ (hiding).
 12033 | Lair:4   | Reached skill level 12 in Axes
 12038 | Lair:4   | Reached XP level 13. HP: 80/80 MP: 20/20
 12039 | Lair:4   | 12039 ||| FLEEEEING.
 12041 | Lair:4   | 12041 ||| FLEEEEING.
 12049 | Lair:4   | 12049 ||| INVOKING Heroism.
 12083 | Lair:4   | 12083 ||| FLEEEEING.
 12084 | Lair:4   | 12084 ||| FLEEEEING.
 12085 | Lair:4   | 12085 ||| FLEEEEING.
 12086 | Lair:4   | 12086 ||| FLEEEEING.
 12087 | Lair:4   | 12087 ||| STAIRDANCE
 12652 | Lair:4   | Found a staircase to the Slime Pits.
 13176 | Lair:4   | 13176 ||| DROPPING +6 ring of strength.
 13202 | Lair:5   | Entered Level 5 of the Lair of Beasts
 13203 | Lair:5   | 13203 ||| INVOKING Heroism.
 13204 | Lair:5   | 13204 ||| INVOKING Finesse.
 13303 | Lair:5   | 13303 ||| DROPPING +0 flail.
 13309 | Lair:5   | 13309 ||| Stepping ~*~*~tactically~*~*~ (stealth).
 13311 | Lair:5   | 13311 ||| Stepping ~*~*~tactically~*~*~ (stealth).
 13312 | Lair:5   | 13312 ||| Stepping ~*~*~tactically~*~*~ (stealth).
 13313 | Lair:5   | 13313 ||| Stepping ~*~*~tactically~*~*~ (stealth).
 13314 | Lair:5   | 13314 ||| INVOKING Heroism.
 13315 | Lair:5   | 13315 ||| Stepping ~*~*~tactically~*~*~ (stealth).
 13316 | Lair:5   | 13316 ||| Stepping ~*~*~tactically~*~*~ (stealth).
 13318 | Lair:5   | 13318 ||| Stepping ~*~*~tactically~*~*~ (stealth).
 13467 | Lair:5   | 13467 ||| INVOKING Heroism.
 13527 | Lair:5   | 13527 ||| INVOKING Heroism.
 13566 | Lair:5   | 13566 ||| INVOKING Heroism.
 13578 | Lair:5   | 13578 ||| Stepping ~*~*~tactically~*~*~ (stealth).
 13592 | Lair:5   | 13592 ||| Stepping ~*~*~tactically~*~*~ (stealth).
 13595 | Lair:5   | 13595 ||| INVOKING Finesse.
 13599 | Lair:5   | 13599 ||| SWAPPING to +0 morningstar.
 13609 | Lair:5   | 13609 ||| SWAPPING to +3 spectral broad axe.
 13614 | Lair:5   | 13614 ||| Stepping ~*~*~tactically~*~*~ (stealth).
 13617 | Lair:5   | Received a gift from Okawaru
 13626 | Lair:5   | 13626 ||| INVOKING Heroism.
 13637 | Lair:5   | Gained mutation: Your large and strong wings let you fly.
                  | [Gargoyle growth]
 13637 | Lair:5   | Reached XP level 14. HP: 88/88 MP: 18/21
 13642 | Lair:5   | Noticed Kirke
 13649 | Lair:5   | Killed Kirke
 13652 | Lair:5   | 13652 ||| Stepping ~*~*~tactically~*~*~ (stealth).
 13653 | Lair:5   | 13653 ||| Stepping ~*~*~tactically~*~*~ (stealth).
 13683 | Lair:5   | 13683 ||| Stepping ~*~*~tactically~*~*~ (stealth).
 13685 | Lair:5   | 13685 ||| Stepping ~*~*~tactically~*~*~ (stealth).
 13695 | Lair:5   | 13695 ||| Stepping ~*~*~tactically~*~*~ (stealth).
 13696 | Lair:5   | 13696 ||| Stepping ~*~*~tactically~*~*~ (stealth).
 13698 | Lair:5   | 13698 ||| Stepping ~*~*~tactically~*~*~ (stealth).
 13758 | Lair:5   | 13758 ||| FLEEEEING.
 13760 | Lair:5   | 13760 ||| FLEEEEING.
 13761 | Lair:5   | 13761 ||| FLEEEEING.
 13762 | Lair:5   | 13762 ||| FLEEEEING.
 13763 | Lair:5   | 13763 ||| FLEEEEING.
 13764 | Lair:5   | 13764 ||| FLEEEEING.
 13765 | Lair:5   | 13765 ||| FLEEEEING.
 13766 | Lair:5   | 13766 ||| FLEEEEING.
 13767 | Lair:5   | 13767 ||| FLEEEEING.
 13768 | Lair:5   | 13768 ||| FLEEEEING.
 13769 | Lair:5   | 13769 ||| FLEEEEING.
 13770 | Lair:5   | 13770 ||| FLEEEEING.
 13771 | Lair:5   | 13771 ||| STAIRDANCE
 13873 | Lair:4   | 13873 ||| UPGRADING to +0 tower shield of reflection.
 13883 | Lair:4   | 13883 ||| DROPPING +0 kite shield.
 13890 | Lair:5   | 13890 ||| STAIRDANCE
 13894 | Lair:4   | 13894 ||| INVOKING Heroism.
 13987 | Lair:5   | 13987 ||| INVOKING Heroism.
 13988 | Lair:5   | 13988 ||| Stepping ~*~*~tactically~*~*~ (stealth).
 13989 | Lair:5   | 13989 ||| INVOKING Finesse.
 13990 | Lair:5   | 13990 ||| Stepping ~*~*~tactically~*~*~ (stealth).
 13991 | Lair:5   | 13991 ||| SWAPPING to +0 morningstar.
 14002 | Lair:5   | 14002 ||| SWAPPING to +3 spectral broad axe.
 14077 | Lair:5   | 14077 ||| INVOKING Heroism.
 14082 | Lair:5   | 14082 ||| SWAPPING to +0 morningstar.
 14097 | Lair:5   | 14097 ||| SWAPPING to +3 spectral broad axe.
 14126 | Lair:5   | 14126 ||| Stepping ~*~*~tactically~*~*~ (stealth).
 14128 | Lair:5   | 14128 ||| Stepping ~*~*~tactically~*~*~ (stealth).
 14131 | Lair:5   | 14131 ||| Stepping ~*~*~tactically~*~*~ (stealth).
 14137 | Lair:5   | Reached skill level 12 in Shields
 14241 | Lair:5   | 14241 ||| Stepping ~*~*~tactically~*~*~ (stealth).
 14322 | Lair:5   | 14322 ||| INVOKING Heroism.
 14524 | Lair:5   | 14524 ||| Stepping ~*~*~tactically~*~*~ (stealth).
 14601 | Lair:5   | 14601 ||| INVOKING Heroism.
 14703 | Lair:5   | Identified the +10 whip of Guile {heavy, Str+5}
 14792 | Lair:5   | 14792 ||| INVOKING Heroism.
 14812 | Lair:5   | 14812 ||| Stepping ~*~*~tactically~*~*~ (stealth).
 14879 | Lair:5   | Found a corrupted altar of Lugonu.
 14879 | Lair:5   | Found a one-way gate to the infinite horrors of the Abyss.
 15076 | Lair:5   | 15076 ||| Stepping ~*~*~tactically~*~*~ (stealth).
 15077 | Lair:5   | 15077 ||| Stepping ~*~*~tactically~*~*~ (stealth).
 15128 | Lair:5   | 15128 ||| PLANNING D:1-11
 15128 | Lair:5   | 15128 ||| READING 8 scrolls of identify.
 15128 | Lair:5   | 15128 ||| IDENTIFYING emerald potion
 15285 | D:11     | 15285 ||| INVOKING Heroism.
 15317 | D:11     | Noticed Nergalle
 15325 | D:11     | Killed Nergalle
 15551 | D:11     | 15551 ||| READING 8 scrolls of identify.
 15551 | D:11     | 15551 ||| IDENTIFYING yellow potion
 15665 | D:11     | Noticed Grum
 15666 | D:11     | 15666 ||| INVOKING Heroism.
 15675 | D:11     | Killed Grum
 15675 | D:11     | Received a gift from Okawaru
 15709 | D:11     | 15709 ||| INVOKING Heroism.
 15828 | D:11     | Reached skill level 3 in Throwing
 15842 | D:11     | 15842 ||| INVOKING Heroism.
 15883 | D:11     | Received a gift from Okawaru
 15894 | D:11     | 15894 ||| Stepping ~*~*~tactically~*~*~ (hiding).
 15956 | D:11     | 15956 ||| INVOKING Heroism.
 15971 | D:11     | Reached skill level 15 in Shields
 16043 | D:11     | 16043 ||| Stepping ~*~*~tactically~*~*~ (stealth).
 16187 | D:11     | 16187 ||| Stepping ~*~*~tactically~*~*~ (hiding).
 16252 | D:11     | 16252 ||| Stepping ~*~*~tactically~*~*~ (stealth).
 16254 | D:11     | 16254 ||| INVOKING Heroism.
 16255 | D:11     | 16255 ||| Stepping ~*~*~tactically~*~*~ (hiding).
 16268 | D:11     | 16268 ||| Stepping ~*~*~tactically~*~*~ (stealth).
 16312 | D:11     | 16312 ||| INVOKING Heroism.
 16317 | D:11     | Reached XP level 15. HP: 77/94 MP: 19/22
 16351 | D:11     | 16351 ||| Stepping ~*~*~tactically~*~*~ (stealth).
 16391 | D:11     | 16391 ||| Stepping ~*~*~tactically~*~*~ (stealth).
 16392 | D:11     | 16392 ||| Stepping ~*~*~tactically~*~*~ (stealth).
 16505 | D:11     | 16505 ||| Stepping ~*~*~tactically~*~*~ (stealth).
 16612 | D:11     | 16612 ||| INVOKING Heroism.
 16613 | D:11     | 16613 ||| INVOKING Finesse.
 16617 | D:11     | 16617 ||| SWAPPING to +0 morningstar.
 16623 | D:11     | 16623 ||| SWAPPING to +3 spectral broad axe.
 16678 | D:11     | 16678 ||| Stepping ~*~*~tactically~*~*~ (stealth).
 16728 | D:11     | 16728 ||| Stepping ~*~*~tactically~*~*~ (hiding).
 16738 | D:11     | 16738 ||| FLEEEEING.
 16739 | D:11     | 16739 ||| FLEEEEING.
 16740 | D:11     | 16740 ||| FLEEEEING.
 16741 | D:11     | 16741 ||| FLEEEEING.
 16742 | D:11     | 16742 ||| FLEEEEING.
 16743 | D:11     | 16743 ||| FLEEEEING.
 16744 | D:11     | 16744 ||| FLEEEEING.
 16745 | D:11     | 16745 ||| FLEEEEING.
 16746 | D:11     | 16746 ||| FLEEEEING.
 16747 | D:11     | 16747 ||| FLEEEEING.
 16748 | D:11     | 16748 ||| FLEEEEING.
 16749 | D:11     | 16749 ||| FLEEEEING.
 16750 | D:11     | 16750 ||| FLEEEEING.
 16751 | D:11     | 16751 ||| FLEEEEING.
 16752 | D:11     | 16752 ||| FLEEEEING.
 16753 | D:11     | 16753 ||| FLEEEEING.
 16754 | D:11     | 16754 ||| FLEEEEING.
 16755 | D:11     | 16755 ||| FLEEEEING.
 16756 | D:11     | 16756 ||| FLEEEEING.
 16757 | D:11     | 16757 ||| FLEEEEING.
 16758 | D:11     | 16758 ||| FLEEEEING.
 16759 | D:11     | 16759 ||| FLEEEEING.
 16760 | D:11     | 16760 ||| FLEEEEING.
 16761 | D:11     | 16761 ||| FLEEEEING.
 16762 | D:11     | 16762 ||| FLEEEEING.
 16763 | D:11     | 16763 ||| FLEEEEING.
 16764 | D:11     | 16764 ||| FLEEEEING.
 16765 | D:11     | 16765 ||| FLEEEEING.
 16766 | D:11     | 16766 ||| FLEEEEING.
 16767 | D:11     | 16767 ||| FLEEEEING.
 16768 | D:11     | 16768 ||| FLEEEEING.
 16769 | D:11     | 16769 ||| FLEEEEING.
 16770 | D:11     | 16770 ||| FLEEEEING.
 16771 | D:11     | 16771 ||| FLEEEEING.
 16772 | D:11     | 16772 ||| FLEEEEING.
 16773 | D:11     | 16773 ||| FLEEEEING.
 16774 | D:11     | 16774 ||| FLEEEEING.
 16775 | D:11     | 16775 ||| FLEEEEING.
 16776 | D:11     | 16776 ||| FLEEEEING.
 16777 | D:11     | 16777 ||| FLEEEEING.
 16778 | D:11     | 16778 ||| FLEEEEING.
 16779 | D:11     | 16779 ||| FLEEEEING.
 16872 | D:11     | 16872 ||| Stepping ~*~*~tactically~*~*~ (stealth).
 16877 | D:11     | 16877 ||| INVOKING Heroism.
 16892 | D:11     | Identified the +1 scale mail "Faesa" {MP+9 Int+3}
 17225 | D:11     | Found a staircase to the Orcish Mines.
 17273 | D:11     | 17273 ||| PLANNING D
 17273 | D:11     | 17273 ||| UPGRADING to +1 pair of boots.
 17283 | D:11     | 17283 ||| DROPPING +0 pair of boots.
 17284 | D:11     | 17284 ||| DRINKING 2 black potions.
 17485 | D:12     | Identified the +3 ring mail of Beewka Hiss {*Slow rF+
                  | Dex+2}
 17490 | D:12     | Noticed Frances
 17491 | D:12     | 17491 ||| INVOKING Heroism.
 17499 | D:12     | Killed Frances
 17598 | D:12     | Found Huerchim's Specific Store.
 17603 | D:12     | Found Iseuc's General Store.
 17612 | D:12     | 17612 ||| BUYING +1 morningstar of protection (118 gold).
 17612 | D:12     | Bought a +1 morningstar of protection for 118 gold pieces
 17612 | D:12     | 17612 ||| DROPPING +0 morningstar.
 17621 | D:12     | Noticed Erolcha
 17628 | D:12     | Killed Erolcha
 17637 | D:12     | 17637 ||| Stepping ~*~*~tactically~*~*~ (stealth).
 17694 | D:12     | Noticed Jorgrun
 17695 | D:12     | 17695 ||| INVOKING Heroism.
 17698 | D:12     | 17698 ||| Stepping ~*~*~tactically~*~*~ (hiding).
 17703 | D:12     | Received a gift from Okawaru
 17712 | D:12     | Killed Jorgrun
 17713 | D:12     | 17713 ||| Stepping ~*~*~tactically~*~*~ (hiding).
 17777 | D:12     | 17777 ||| Stepping ~*~*~tactically~*~*~ (stealth).
 18318 | D:12     | 18318 ||| DROPPING +2 pair of gloves.
 18319 | D:12     | 18319 ||| READING 9 scrolls of identify.
 18319 | D:12     | 18319 ||| IDENTIFYING silvery potion
 18320 | D:12     | 18320 ||| DROPPING potion of invisibility.
 18373 | D:13     | 18373 ||| Stepping ~*~*~tactically~*~*~ (stealth).
 18386 | D:13     | 18386 ||| Stepping ~*~*~tactically~*~*~ (hiding).
 18480 | D:13     | You are sucked into a shaft and drop 2 floors!
 18480 | D:15     | Entered Level 15 of the Dungeon
 18491 | D:15     | 18491 ||| INVOKING Heroism.
 18507 | D:15     | 18507 ||| Stepping ~*~*~tactically~*~*~ (stealth).
 18521 | D:15     | 18521 ||| Stepping ~*~*~tactically~*~*~ (stealth).
 18550 | D:15     | 18550 ||| FLEEEEING.
 18551 | D:15     | 18551 ||| FLEEEEING.
 18552 | D:15     | 18552 ||| FLEEEEING.
 18553 | D:15     | 18553 ||| STAIRDANCE
 18634 | D:14     | 18634 ||| Stepping ~*~*~tactically~*~*~ (hiding).
 18640 | D:14     | Reached skill level 15 in Axes
 18757 | D:14     | 18757 ||| Stepping ~*~*~tactically~*~*~ (stealth).
 18760 | D:14     | 18760 ||| Stepping ~*~*~tactically~*~*~ (stealth).
 18786 | D:14     | 18786 ||| FLEEEEING.
 18787 | D:14     | 18787 ||| STAIRDANCE
 18931 | D:13     | 18931 ||| Stepping ~*~*~tactically~*~*~ (hiding).
 18940 | D:13     | 18940 ||| INVOKING Heroism.
 19444 | D:13     | 19444 ||| READING scroll of enchant weapon.
 19444 | D:13     | 19444 ||| ENCHANTING +3 spectral broad axe.
 19565 | D:13     | 19565 ||| DROPPING +4 chain mail.
 19566 | D:13     | 19566 ||| READING 9 scrolls of identify.
 19566 | D:13     | 19566 ||| IDENTIFYING smoky golden potion
 19578 | D:14     | 19578 ||| Stepping ~*~*~tactically~*~*~ (stealth).
 19580 | D:14     | 19580 ||| Stepping ~*~*~tactically~*~*~ (stealth).
 19584 | D:14     | 19584 ||| Stepping ~*~*~tactically~*~*~ (stealth).
 19588 | D:14     | 19588 ||| Stepping ~*~*~tactically~*~*~ (stealth).
 19629 | D:14     | 19629 ||| Stepping ~*~*~tactically~*~*~ (stealth).
 19633 | D:14     | 19633 ||| Stepping ~*~*~tactically~*~*~ (stealth).
 19635 | D:14     | 19635 ||| Stepping ~*~*~tactically~*~*~ (hiding).
 19637 | D:14     | 19637 ||| Stepping ~*~*~tactically~*~*~ (hiding).
 19656 | D:14     | 19656 ||| Stepping ~*~*~tactically~*~*~ (stealth).
 19668 | D:14     | Found Vauzuscho's One-of-a-Kind Rings.
 19676 | D:14     | 19676 ||| BUYING +7 ring of strength (720 gold).
 19676 | D:14     | Bought a +7 ring of strength for 720 gold pieces
 19676 | D:14     | 19676 ||| SHOPLISTING ring of Suspected Treachery {rPois
                  | rF- rCorr Slay+2 SInv} (531 gold, have 459).
 19762 | D:14     | Found a gate to the Vaults.
 19767 | D:14     | 19767 ||| INVOKING Heroism.
 19773 | D:14     | Reached skill level 12 in Fighting
 19970 | D:14     | Received a gift from Okawaru
 20016 | D:14     | 20016 ||| Stepping ~*~*~tactically~*~*~ (hiding).
 20084 | D:14     | 20084 ||| READING scroll of enchant weapon.
 20084 | D:14     | 20084 ||| ENCHANTING +4 spectral broad axe.
 20088 | D:14     | Found a radiant altar of Vehumet.
 20434 | D:14     | 20434 ||| Stepping ~*~*~tactically~*~*~ (hiding).
 20617 | D:14     | 20617 ||| UPGRADING to +7 ring of strength.
 20619 | D:14     | 20619 ||| DROPPING +4 ring of protection.
 20620 | D:14     | 20620 ||| DROPPING ring of see invisible.
 20734 | D:15     | 20734 ||| Stepping ~*~*~tactically~*~*~ (hiding).
 20864 | D:15     | Reached skill level 3 in Dodging
 20931 | D:15     | 20931 ||| INVOKING Heroism.
 20939 | D:15     | Reached XP level 16. HP: 58/101 MP: 21/23
 20950 | D:15     | 20950 ||| Stepping ~*~*~tactically~*~*~ (stealth).
 20964 | D:15     | 20964 ||| FLEEEEING.
 20966 | D:15     | 20966 ||| FLEEEEING.
 20967 | D:15     | 20967 ||| FLEEEEING.
 20971 | D:15     | 20971 ||| FLEEEEING.
 20972 | D:15     | 20972 ||| FLEEEEING.
 20973 | D:15     | 20973 ||| STAIRDANCE
 21337 | D:15     | 21337 ||| READING scroll of enchant weapon.
 21337 | D:15     | 21337 ||| ENCHANTING +5 spectral broad axe.
 21367 | D:15     | Found a staircase to the Depths.
 21396 | D:15     | 21396 ||| INVOKING Heroism.
 21397 | D:15     | 21397 ||| INVOKING Finesse.
 21430 | D:15     | 21430 ||| Stepping ~*~*~tactically~*~*~ (hiding).
 21569 | D:15     | 21569 ||| Stepping ~*~*~tactically~*~*~ (hiding).
 21570 | D:15     | 21570 ||| Stepping ~*~*~tactically~*~*~ (hiding).
 21573 | D:15     | 21573 ||| Stepping ~*~*~tactically~*~*~ (hiding).
 21869 | D:15     | 21869 ||| PLANNING ORC
 21907 | D:14     | 21907 ||| Stepping ~*~*~tactically~*~*~ (hiding).
 22110 | Orc:1    | Entered Level 1 of the Orcish Mines
 22313 | Orc:1    | Received a gift from Okawaru
 22474 | Orc:2    | Entered Level 2 of the Orcish Mines
 22482 | Orc:2    | 22482 ||| INVOKING Heroism.
 22484 | Orc:2    | 22484 ||| Stepping ~*~*~tactically~*~*~ (hiding).
 22541 | Orc:1    | Noticed Maurice
 22544 | Orc:1    | Killed Maurice
 22562 | Orc:1    | 22562 ||| INVOKING Heroism.
 22596 | Orc:1    | 22596 ||| Stepping ~*~*~tactically~*~*~ (stealth).
 22597 | Orc:1    | 22597 ||| Stepping ~*~*~tactically~*~*~ (stealth).
 22602 | Orc:1    | 22602 ||| Stepping ~*~*~tactically~*~*~ (stealth).
 22606 | Orc:1    | 22606 ||| INVOKING Heroism.
 22849 | Orc:2    | Found a staircase to the Elven Halls.
 22950 | Orc:2    | 22950 ||| Stepping ~*~*~tactically~*~*~ (stealth).
 22953 | Orc:2    | 22953 ||| Stepping ~*~*~tactically~*~*~ (stealth).
 23017 | Orc:2    | 23017 ||| Stepping ~*~*~tactically~*~*~ (stealth).
 23040 | Orc:2    | 23040 ||| Stepping ~*~*~tactically~*~*~ (hiding).
 23043 | Orc:2    | 23043 ||| INVOKING Heroism.
 23163 | Orc:2    | 23163 ||| Stepping ~*~*~tactically~*~*~ (stealth).
 23164 | Orc:2    | 23164 ||| Stepping ~*~*~tactically~*~*~ (stealth).
 23165 | Orc:2    | 23165 ||| Stepping ~*~*~tactically~*~*~ (stealth).
 23169 | Orc:2    | 23169 ||| INVOKING Heroism.
 23199 | Orc:2    | 23199 ||| INVOKING Finesse.
 23226 | Orc:2    | HP: 14/101 [orc high priest/divine providence (15)]
 23227 | Orc:2    | 23227 ||| READING 9 scrolls of teleportation.
 23227 | Orc:2    | Killed from afar by an orc high priest

Levels and vault maps discovered:
D:1:      dpeg_arrival_leaves_temple_mockup, layout_basic, serial_shops,
          nicolae_shop_overgrown_old_shop
D:2:      layout_rooms, serial_undead, serial_undead_a, serial_undead_f,
          serial_undead_b, serial_undead_a, serial_undead_e, serial_undead_d,
          serial_undead_f, serial_undead_b,
          shapermc_ecumenical_altar_mp_urbaneastern, minmay_misc_feat_iff,
          minmay_bisected
D:3:      layout_basic, zin_scriptorium, lemuel_zombie_altar_yredelemnul,
          nicolae_overflow_squiral, uniq_terence, uniq_ijyb, uniq_robin
D:4:      minmay_inner_zag, layout_loops_cross, kennysheep_mini_moat,
          ashenzari_conservatory_becter, tso_oasis_becter,
          chequers_temple_overflow_statue_of_worship, minmay_misc_feat_ornament
D:5:      layout_layer_cave, temple_fountains, minmay_strange_pillars
D:6:      layout_loops_ring, serial_demonic, serial_demonic_f, serial_demonic_g,
          serial_demonic_b, serial_demonic_f, corexii_shack, uniq_blork_the_orc
D:7:      layout_basic, lemuel_crystal_altar, uniq_maggie
D:8:      layout_gridville, mainiacjoe_overflow_paths
D:9:      minmay_spotlight, layout_small_grid, bloody_makhleb,
          chequers_serial_rivers_large_b
D:10:     layout_rooms, nzn_hepliaklqana_mist_gate, david_lair_generic,
          st_stairs_7, minivault_12
D:11:     nzn_winding_woodlands_huge [nzn_winding_woodlands_5x15_sidewinder,
          nzn_winding_woodlands_5x15_parted,
          nzn_winding_woodlands_5x15_sawtooth,
          nzn_winding_woodlands_5x15_lazy_stream,
          nzn_winding_woodlands_5x15_jagged, nzn_winding_woodlands_5x15_zeroes,
          nzn_winding_woodlands_5x15_pockets, nzn_winding_woodlands_5x15_garden,
          nzn_winding_woodlands_5x15_eye, nzn_winding_woodlands_5x15_crooked,
          nzn_winding_woodlands_center_garden,
          nzn_winding_woodlands_center_diamonds,
          nzn_winding_woodlands_15x15_boxy_spiral], layout_irregular_city,
          minivault_10, tgw_trog, uniq_nergalle, uniq_grum
D:12:     layout_stronghold, nicolae_specific_store, uniq_jorgrun, uniq_erolcha,
          uniq_frances
D:13:     layout_basic
D:14:     layout_loops_ring, erik_vaults_1, nicolae_vehumet_altar_sigil,
          nicolae_shop_unique_rings, minmay_librarian
D:15:     hangedman_depths_entry_civil_slaughter, layout_small_grid,
          einodemon_crawler_minivault
Lair:1:   layout_loops_ring, grunt_megastairs_2
Lair:2:   layout_cave_pods, dummy_spider_entry
Lair:3:   layout_regular_city, elwin_shoals_entry_stream, serial_bayou_shore_a,
          grunt_megastairs_1
Lair:4:   layout_layer_cave, dpeg_slime_entry_corner, grunt_megastairs_4
Lair:5:   hellmonk_lair_end_abyssal_woods, layout_regular_city, st_stairs_12,
          minivault_27, grunt_megastairs_3, uniq_kirke
Orc:1:    layout_diamond_mine, nicolae_orc_stony_grotto, uniq_maurice
Orc:2:    st_orc_congregation, layout_caves, kennysheep_orc_chapel

Skill      XL: |  1  2  3  4  5  6  7  8  9 10 11 12 13 14 15 16 |
---------------+-------------------------------------------------+-----
Axes           | 2 3 4 5 7 8 10 11 12 14 15 16 | 16.0
Fighting       | 4 5 6 7 9 10 11 12 | 12.0
Dodging        | 1 2 3 |  3.0
Throwing       | 1 2 3 4 5 |  5.3
Invocations    | 1 4 8 10 | 10.0
Armour         | 4 5 6 9 10 11 | 11.3
Shields        | 4 5 8 10 11 15 16 | 16.6

Action                     |  1- 3 |  4- 6 |  7- 9 | 10-12 | 13-15 | 16-18 || total
---------------------------+-------+-------+-------+-------+-------+-------++-------
  Melee: War axe           |   100 |   219 |   100 |       |       |       ||   419
         Broad axe         |       |       |   106 |   285 |   759 |   149 ||  1299
         Flail             |       |       |       |    19 |       |       ||    19
         Morningstar       |       |       |       |       |    38 |       ||    38
  Throw: Boomerang         |     4 |    58 |    48 |    11 |       |     2 ||   123
         Javelin           |       |       |       |       |    37 |    29 ||    66
 Invoke: Heroism           |       |       |     9 |    19 |    28 |     6 ||    62
         Finesse           |       |       |       |     1 |     4 |     2 ||     7
    Use: Scroll            |     2 |     6 |    10 |     5 |     6 |     2 ||    31
         Potion            |     2 |     1 |       |       |     1 |       ||     4
   Stab: Petrified         |       |       |       |     1 |       |       ||     1
         Distracted        |       |       |       |     1 |    11 |     2 ||    14
 Armour: Scale mail        |    52 |    80 |       |       |       |       ||   132
         Chain mail        |       |    43 |   116 |    47 |       |       ||   206
         Plate armour      |       |       |       |   106 |   304 |    22 ||   432
  Dodge: Dodged            |    52 |    77 |   167 |   163 |   183 |    35 ||   677
  Block: Buckler           |    18 |    32 |    50 |    29 |       |       ||   129
         Kite shield       |       |       |       |    89 |    71 |       ||   160
         Tower shield      |       |       |       |       |   484 |   100 ||   584
         Reflection        |       |       |       |       |    25 |     7 ||    32

Table legend:
 A = Non-vault XP
 B = Vault XP
 C = Vault XP percentage of total XP
 D = Non-vault monster count
 E = Vault monster count
 F = Vault count percentage of total count
                 A         B        C        D         E       F
            +---------+---------+-------+---------+---------+-------
      Total |   82033 |   68982 |  45.7 |     456 |     245 |  35.0
            +---------+---------+-------+---------+---------+-------
        D:1 |      74 |       0 |   0.0 |      36 |       0 |   0.0
        D:2 |      25 |      18 |  41.9 |      11 |      13 |  54.2
        D:3 |     148 |     135 |  47.7 |      30 |      15 |  33.3
        D:4 |     197 |      89 |  31.1 |      15 |       6 |  28.6
        D:5 |     579 |       0 |   0.0 |      14 |       0 |   0.0
        D:6 |     929 |     159 |  14.6 |       9 |       4 |  30.8
        D:7 |     713 |     415 |  36.8 |      13 |       1 |   7.1
        D:8 |    3385 |       0 |   0.0 |      23 |       0 |   0.0
        D:9 |    2529 |     212 |   7.7 |      16 |       3 |  15.8
       D:10 |    2296 |    1467 |  39.0 |      16 |       6 |  27.3
       D:11 |    4154 |   22688 |  84.5 |      21 |      54 |  72.0
       D:12 |    4042 |    4127 |  50.5 |      10 |       3 |  23.1
       D:13 |    3834 |       0 |   0.0 |      15 |       0 |   0.0
       D:14 |    8593 |    2291 |  21.0 |      23 |       3 |  11.5
       D:15 |    5559 |    8695 |  61.0 |      18 |      14 |  43.8
     Lair:1 |    2438 |    1277 |  34.4 |       6 |       9 |  60.0
     Lair:2 |    5599 |       0 |   0.0 |      21 |       0 |   0.0
     Lair:3 |    6966 |    1748 |  20.1 |      37 |       6 |  14.0
     Lair:4 |    7169 |    1478 |  17.1 |      22 |       7 |  24.1
     Lair:5 |   16615 |   14832 |  47.2 |      40 |      53 |  57.0
      Orc:1 |    2408 |     508 |  17.4 |      37 |       1 |   2.6
      Orc:2 |    3781 |    8843 |  70.0 |      23 |      47 |  67.1
            +---------+---------+-------+---------+---------+-------
